 Dungeon Sprint DCSS version 0.20.1-1-g8b1a95d (webtiles) character file.

20909 wojtek the Shatterer (level 12, -1/124 HPs)
             Began as a Minotaur Fighter on Dec 30, 2017.
             Was the Champion of Trog.
             Killed by divine providence
             ... invoked by a daeva
              (12 damage)
             ... in the Dungeon (Sprint I: "Red Sonja").
             The game lasted 00:18:45 (5361 turns).

wojtek the Shatterer (Minotaur Fighter)             Turns: 5361, Time: 00:18:47

Health: -1/124     AC: 24    Str: 25    XL:     12   Next: 49%
Magic:  17/17      EV: 13    Int:  5    God:    Trog [******]
Gold:   1904       SH: 12    Dex: 14    Spells: 11/11 levels left

rFire    + . .     SeeInvis +   l - +3 morningstar (holy)
rCold    . . .     Gourm    .   c - +0 shield
rNeg     . . .     Faith    .   B - +3 plate armour {MR+}
rPois    +         Spirit   .   j - +1 hat
rElec    .         Reflect  .   (no cloak)
rCorr    .         Harm     .   C - +1 pair of gloves {Dex+3}
MR       +....     NoTele   +   (no boots)
Stlth    ..........             (no amulet)
Regen    0.3/turn               u - ring "Yrec" {rF+ SInv}
MPRegen  0.2/turn               v - ring of poison resistance

@: glowing
A: retaliatory headbutt, horns 2
a: Berserk, Trog's Hand, Brothers in Arms, Burn Spellbooks, Renounce Religion


You were in the Dungeon.
You worshipped Trog.
Trog was exalted by your worship.
You were very hungry.

You visited 1 branch You collected 4258 gold pieces.
You spent 2354 gold pieces at shops.

Inventory:

Hand Weapons
 a - a +1 antimagic morningstar
 l - a +3 morningstar of holy wrath (weapon)
 o - a +0 flail
 E - a +0 dire flail of protection
 F - a +2 fustibalus of freezing
 J - a +1 morningstar of protection
 K - a +2 morningstar of protection
Armour
 c - a +0 shield (worn)
 j - a +1 hat (worn)
 n - a +0 pair of gloves
 B - a +3 plate armour of magic resistance (worn)
 C - a +1 pair of gloves of dexterity (worn)
Jewellery
 u - the ring "Yrec" (left hand) {rF+ SInv}
   (You bought it in a shop in the Dungeon)

   [ring of protection from fire]

   It protects you from fire.
   It lets you see invisible.
 v - a ring of poison resistance (right hand)
 I - an uncursed ring of flight
Wands
 m - a wand of paralysis (4/24)
 D - a wand of iceblast (2/15)
Scrolls
 k - 2 scrolls of blinking
 q - 3 scrolls of recharging {unknown}
 t - a scroll of immolation {unknown}
 x - a scroll of identify
 y - 4 scrolls of remove curse {unknown}
Potions
 b - a potion of brilliance
 d - a potion of might
 e - 3 potions of curing
 g - a potion of heal wounds
 h - a potion of haste
 i - 2 potions of magic
 p - 2 potions of invisibility
 s - 2 potions of mutation
 w - a potion of degeneration {unknown}
 z - 2 potions of agility
 A - a potion of experience {unknown}
Books
 r - a Grand Grimoire

   Spells                             Type                      Level
   a - Monstrous Menagerie            Summoning                    7
   b - Summon Greater Demon           Summoning                    7
   c - Malign Gateway                 Summoning/Translocation      7
   d - Summon Horrible Things         Summoning                    8
   Trog disapproves of the use of such an item.
Comestibles
 f - a bread ration
 H - a fruit


   Skills:
 + Level 16.9 Fighting
 * Level 22.2 Maces & Flails
 + Level 16.9 Armour
 + Level 11.2 Dodging
 - Level 9.8 Shields
 * Level 8.2 Evocations


You had 11 spell levels left.
You didn't know any spells.

Dungeon Overview and Level Annotations

Branches:
Dungeon (1/1)

Altars:
Cheibriados
Dithmenos
Elyvilon
Fedhas
Gozag
Hepliaklqana
Kikubaaqudgha
Makhleb
Nemelex Xobeh
Okawaru
Qazlal
Ru
Sif Muna
Trog
Uskayaw
Vehumet
Xom
Yredelemnul
Zin
The Shining One
Jiyva
Lugonu

Shops:
D [:[?*}(}**===?*[*


Innate Abilities, Weirdness & Mutations

You reflexively headbutt those who attack you in melee.
You have a pair of horns on your head.


Message History

You see here 27 gold pieces.
You now have 1850 gold pieces (gained 27).
The daeva calls down the wrath of the Shining One upon you.
The Shining One smites you!
The daeva calls down the wrath of the Shining One upon you.
The Shining One smites you!
* * * LOW HITPOINT WARNING * * *
You see here 27 gold pieces.
You now have 1877 gold pieces (gained 27).
The daeva calls down the wrath of the Shining One upon you.
The Shining One smites you!
* * * LOW HITPOINT WARNING * * *
You see here 27 gold pieces.
You now have 1904 gold pieces (gained 27).
The daeva calls down the wrath of the Shining One upon you.
The Shining One smites you!
* * * LOW HITPOINT WARNING * * *
The daeva calls down the wrath of the Shining One upon you.
The Shining One smites you!
You die...

..#§.§§§§§§.§.'..#^^+§.§§#
#'#§####.§§.§##§.'.^#..§§##
.§#§#.###..§#######'#..§§§#
.§§§#'#.###§#}).##..#§§§§§#
)####^..#y#.##...#..##§...#
§.§§#...###..###.#).≈###+##
§.^§+.....##.#A#.#).≈))#
#.§§#§....#..###.#..≈.##
#..§###++##.##..@#..≈##
#.^###..###..#'###..≈#
#^.####..###...#.≈..##
##'#§.#[.#.###.#.≈..#
##.#.........#.###..#
####..§......#)# +..#
#.('......####)# ##+#
#####...###....# #
#####...####


You could see a daeva.

Vanquished Creatures
  3 fire giants (D)
  A lorocyproca (D)
  A deep elf annihilator (D)
  A mummy priest (D)
  2 centaur warriors (D)
  Sonja (D)
  A deep troll (D)
  7 unseen horrors (D)
  A lindwurm (D)
  2 oklob plants (D)
  A gargoyle (D)
  2 kobold demonologists (D)
  4 demonic crawlers (D)
  2 hornets (D)
  A slime creature (D)
  2 redbacks (D)
  Sigmund (D)
  13 hogs (D)
  A yak (D)
  3 floating eyes (D)
  7 necrophages (D)
  An ogre (D)
  8 jellies (D)
  Ijyb (D)
  3 ballistomycetes (D)
70 creatures vanquished.

Vanquished Creatures (collateral kills)
  A hydra (D)
  2 merfolk sirens (D)
  A hellwing (D)
  3 hornets (D)
7 creatures vanquished.

Vanquished Creatures (others)
  A gargoyle (D)
  2 ballistomycete spores (D)
3 creatures vanquished.

Grand Total: 80 creatures vanquished

Notes
Turn   | Place    | Note
-------+----------+-------------------------------------------
     0 | D        | wojtek the Minotaur Fighter began the quest for the Orb.
     0 | D        | Reached XP level 1. HP: 19/19 MP: 0/0
     1 | D        | Noticed Ijyb
     8 | D        | Killed Ijyb
     8 | D        | Reached skill level 5 in Fighting
     8 | D        | Reached skill level 5 in Maces & Flails
     8 | D        | Reached skill level 5 in Armour
     8 | D        | Reached XP level 2. HP: 28/29 MP: 1/1
    24 | D        | Noticed an ogre
    32 | D        | Killed an ogre
    32 | D        | Reached skill level 8 in Maces & Flails
    32 | D        | Reached XP level 3. HP: 10/38 MP: 2/2
    32 | D        | Reached XP level 4. HP: 11/45 MP: 3/3
   255 | D        | Noticed Sigmund
   268 | D        | Killed Sigmund
   268 | D        | Reached skill level 10 in Maces & Flails
   268 | D        | Reached XP level 5. HP: 39/53 MP: 4/4
   349 | D        | Found a burning altar of Makhleb.
   349 | D        | Found a viscous altar of Jiyva.
   349 | D        | Found a shimmering altar of Xom.
   349 | D        | Found a corrupted altar of Lugonu.
   349 | D        | Noticed a slime creature
   359 | D        | Killed a slime creature
   359 | D        | Reached skill level 12 in Maces & Flails
   359 | D        | Reached XP level 6. HP: 51/64 MP: 5/5
   422 | D        | Found a deep blue altar of Sif Muna.
   424 | D        | Found a radiant altar of Vehumet.
   460 | D        | Found Apnuuhak's Book Emporium.
   460 | D        | Found an ancient bone altar of Kikubaaqudgha.
   460 | D        | Found a hazy altar of Hepliaklqana.
   460 | D        | Found a stormy altar of Qazlal.
   460 | D        | Found a hide-covered altar of Uskayaw.
   460 | D        | Found a blossoming altar of Fedhas.
   460 | D        | Found a bloodstained altar of Trog.
   460 | D        | Found an iron altar of Okawaru.
   460 | D        | Found a basalt altar of Yredelemnul.
   460 | D        | Found a glowing golden altar of the Shining One.
   460 | D        | Found a snail-covered altar of Cheibriados.
   460 | D        | Found a sacrificial altar of Ru.
   460 | D        | Found a glowing silver altar of Zin.
   460 | D        | Found a shadowy altar of Dithmenos.
   460 | D        | Found a white marble altar of Elyvilon.
   460 | D        | Noticed a yak
   469 | D        | Killed a yak
   469 | D        | Reached skill level 10 in Fighting
   469 | D        | Reached skill level 13 in Maces & Flails
   469 | D        | Reached skill level 10 in Armour
   469 | D        | Reached XP level 7. HP: 58/72 MP: 6/6
   470 | D        | Found an opulent altar of Gozag.
   471 | D        | Found a sparkling altar of Nemelex Xobeh.
   476 | D        | Became a worshipper of Trog the Wrathful
   540 | D        | Noticed a kobold demonologist
   541 | D        | Noticed a kobold demonologist
   549 | D        | Noticed a hellwing
   554 | D        | Killed a kobold demonologist
   554 | D        | Reached * piety under Trog
   554 | D        | Reached skill level 14 in Maces & Flails
   558 | D        | Killed a kobold demonologist
   558 | D        | Reached XP level 8. HP: 48/82 MP: 7/7
   668 | D        | Killed a gargoyle
   714 | D        | Noticed a centaur warrior
   715 | D        | Noticed a centaur warrior
   733 | D        | Killed a centaur warrior
   733 | D        | Reached ** piety under Trog
   733 | D        | Reached skill level 16 in Maces & Flails
   745 | D        | Killed a centaur warrior
   745 | D        | Reached skill level 17 in Maces & Flails
   745 | D        | Reached XP level 9. HP: 56/93 MP: 8/8
   872 | D        | Reached skill level 1 in Dodging
   954 | D        | Noticed a deep troll
   962 | D        | Killed a deep troll
   962 | D        | Reached skill level 5 in Shields
   978 | D        | Found Homut's Armour Emporium.
  1183 | D        | Noticed an oklob plant
  1193 | D        | Killed an oklob plant
  1193 | D        | Reached *** piety under Trog
  1325 | D        | Reached skill level 18 in Maces & Flails
  1325 | D        | Reached XP level 10. HP: 100/102 MP: 9/9
  1347 | D        | Reached **** piety under Trog
  1355 | D        | Reached ***** piety under Trog
  1389 | D        | Reached skill level 5 in Dodging
  1392 | D        | Received a gift from Trog
  1433 | D        | Found Guicam's Magic Scroll Shoppe.
  1433 | D        | Found Rophupiac's Antique Armour Shop.
  1433 | D        | Found Rumom's General Store.
  1435 | D        | Found Voysy's Gadget Emporium.
  1435 | D        | Found Gaaquilupn's Weapon Shop.
  1435 | D        | Found Wieffeh's Gadget Shoppe.
  1435 | D        | Found Xoyturi's General Store.
  1435 | D        | Found Qeuphis's General Store.
  1435 | D        | Found Sivod's Jewellery Shop.
  1435 | D        | Found Zef Xitihiq's Jewellery Shoppe.
  1440 | D        | Found Otallor's Jewellery Boutique.
  1441 | D        | Found Soexadee's General Store.
  1441 | D        | Found Xiotiowa's Magic Scroll Boutique.
  1442 | D        | Found Xanaghie's Assorted Antiques.
  1454 | D        | Bought the ring "Yrec" {rF+ SInv} for 434 gold pieces
  1460 | D        | Bought a glowing iron ring for 135 gold pieces
  1460 | D        | Bought an inky potion for 24 gold pieces
  1460 | D        | Bought a red potion for 24 gold pieces
  1470 | D        | Bought a scroll of identify for 28 gold pieces
  1470 | D        | Bought a scroll of identify for 28 gold pieces
  1470 | D        | Bought a scroll of identify for 28 gold pieces
  1474 | D        | Bought a scroll of identify for 28 gold pieces
  1483 | D        | Noticed an unseen horror
  1483 | D        | Noticed an unseen horror
  1494 | D        | Killed an unseen horror
  1501 | D        | Killed an unseen horror
  1608 | D        | Bought a scroll of identify for 26 gold pieces
  1608 | D        | Bought a scroll of blinking for 97 gold pieces
  1612 | D        | Bought a bread ration for 50 gold pieces
  1612 | D        | Bought 2 potions of agility for 80 gold pieces
  1697 | D        | Noticed Sonja
  1702 | D        | Killed Sonja
  1702 | D        | Received a gift from Trog
  1702 | D        | Reached skill level 19 in Maces & Flails
  1836 | D        | Found Qoyjuekk's Antique Armour Boutique.
  1844 | D        | Bought a shiny plate armour for 676 gold pieces
  1844 | D        | Bought a pair of glowing gloves for 195 gold pieces
  2235 | D        | Noticed a lindwurm
  2243 | D        | Killed a lindwurm
  2243 | D        | Reached XP level 11. HP: 99/110 MP: 3/10
  2294 | D        | Reached ****** piety under Trog
  2297 | D        | Received a gift from Trog
  2300 | D        | Reached skill level 15 in Fighting
  2307 | D        | Reached skill level 15 in Armour
  2339 | D        | Reached skill level 20 in Maces & Flails
  2345 | D        | Received a gift from Trog
  2395 | D        | Noticed a 12-headed hydra
  2397 | D        | Killed a 12-headed hydra
  2398 | D        | Paralysed by a floating eye for 3 turns
  2412 | D        | Noticed a deep elf annihilator
  2420 | D        | Received a gift from Trog
  2796 | D        | Bought a wand of iceblast (8/15) for 144 gold pieces
  2797 | D        | Bought a royal jelly for 28 gold pieces
  2797 | D        | Bought 4 fruits for 84 gold pieces
  2871 | D        | Killed a deep elf annihilator
  3188 | D        | Noticed a mummy priest
  3256 | D        | Bought an uncursed ring of flight for 245 gold pieces
  3328 | D        | Noticed an oklob plant
  3330 | D        | Killed a mummy priest
  3335 | D        | Killed an oklob plant
  3335 | D        | Reached skill level 21 in Maces & Flails
  3451 | D        | Received a gift from Trog
  3469 | D        | Noticed a lorocyproca
  3488 | D        | Killed a lorocyproca
  3488 | D        | Reached skill level 10 in Dodging
  4639 | D        | Noticed a daeva
  4684 | D        | Noticed an unseen horror
  4684 | D        | Noticed an unseen horror
  4684 | D        | Noticed an unseen horror
  4693 | D        | Killed an unseen horror
  4693 | D        | Reached skill level 5 in Evocations
  4700 | D        | Killed an unseen horror
  4700 | D        | Reached XP level 12. HP: 76/122 MP: 13/15
  4943 | D        | Noticed a fire giant
  4953 | D        | Noticed a fire giant
  4956 | D        | Noticed a fire giant
  4959 | D        | Killed a fire giant
  4959 | D        | Received a gift from Trog
  4967 | D        | Killed a fire giant
  4967 | D        | Reached skill level 22 in Maces & Flails
  4978 | D        | Killed a fire giant
  5361 | D        | Killed from afar by a daeva

Skill      XL: |  1  2  3  4  5  6  7  8  9 10 11 12 |
---------------+-------------------------------------+-----
Fighting       | 5 6 8 9 10 11 13 14 16 | 16.9
Maces & Flails | 5 8 10 12 13 14 17 18 19 21 22 | 22.2
Armour         | 5 6 8 9 10 11 12 13 14 16 | 16.9
Dodging        | 4 7 10 11 | 11.2
Shields        | 6 9 |  9.8
Evocations     | 5 8 |  8.2

Action                   |  1- 3 |  4- 6 |  7- 9 | 10-12 || total
-------------------------+-------+-------+-------+-------++-------
Melee: Flail             |    13 |    29 |    63 |    36 ||   141
       Headbutt          |     5 |     7 |    19 |    58 ||    89
       Morningstar       |       |       |       |   193 ||   193
Invok: Berserk           |       |       |     1 |     1 ||     2
       Brothers in Arms  |       |       |       |     3 ||     3
       Trog's Hand       |       |       |       |     1 ||     1
 Abil: Evoke Flight      |       |       |       |     1 ||     1
Evoke: Wand              |       |       |       |     8 ||     8
  Use: Scroll            |       |       |       |     4 ||     4
       Potion            |       |       |       |     2 ||     2
 Stab: Distracted        |       |       |     1 |       ||     1
       Paralysed         |       |       |       |     2 ||     2
  Eat: Chunk             |       |       |     2 |     1 ||     3
       Bread ration      |       |       |       |     2 ||     2
       Fruit             |       |       |       |     3 ||     3
       Royal jelly       |       |       |       |     1 ||     1
Armor: Scale mail        |     3 |     5 |    12 |    10 ||    30
       Plate armour      |       |       |       |    91 ||    91
Dodge: Dodged            |     3 |     2 |    14 |    77 ||    96
Block: Shield            |     3 |     8 |    24 |   111 ||   146
